 Dungeon Crawl Stone Soup version 0.29-a0-664-gff9cad4a3d (webtiles) character file.

Game seed: 4413738565625365340

15871 blackman the Cleaver (level 12, -4/94 HPs)
             Began as a Human Monk on June 22, 2022.
             Was an Elder of the Shining One.
             Slain by an eight-headed hydra (5 damage)
             ... on level 12 of the Dungeon.
             The game lasted 01:07:34 (21331 turns).

blackman the Cleaver (Human Monk)                  Turns: 21331, Time: 01:07:35

Health: -4/94      AC: 13    Str: 16    XL:     12   Next: 63%
Magic:  19/19      EV: 15    Int: 11    God:    the Shining One [****..]
Gold:   635        SH:  9    Dex: 28    Spells: 11/11 levels left

rFire   . . .      SeeInvis .   a - +5 eveningstar
rCold   + . .      Faith    .   W - +2 buckler
rNeg    + + .      Spirit   .   A - +2 scale mail {rC+}
rPois   +          Reflect  .   H - +0 helmet
rElec   .          Harm     .   (no cloak)
rCorr   .          Rampage  .   w - +0 pair of gloves of Patterns {+Inv rPois Dex+6}
Will    .....                   v - +0 pair of boots
Stlth   +.........              d - amulet of the acrobat
HPRegen 0.25/turn               j - +4 ring of evasion
MPRegen 0.16/turn               E - +6 ring of dexterity

@: mighty, glowing
A: no striking features
a: Renounce Religion, Evoke Invisibility, Divine Shield, Cleansing Flame


You were on level 12 of the Dungeon.
You worshipped the Shining One.
The Shining One was greatly pleased with you.
You visited 2 branches of the dungeon, and saw 13 of its levels.
You also visited: Sewer.

You collected 635 gold pieces.

Inventory:

Hand Weapons
 a - a +5 eveningstar (weapon)
 b - a +1 whip of venom
 S - a +1 demon whip of venom
Missiles
 c - 4 javelins
 q - a throwing net
 F - a curare-tipped dart
 J - 72 stones (quivered)
 M - 19 poisoned darts
 Z - 4 silver javelins
Armour
 v - a +0 pair of boots (worn)
 w - the +0 pair of gloves of Patterns (worn) {+Inv rPois Dex+6}
   (You found it on level 11 of the Dungeon)

   Dex:       It affects your dexterity (+6).
   rPois:     It protects you from poison.
   +Inv:      It lets you turn invisible.
 A - a +2 scale mail of cold resistance (worn)
 H - a +0 helmet (worn)
 T - a +1 robe of willpower
 U - a +0 pair of gloves
 W - a +2 buckler (worn)
Jewellery
 d - an amulet of the acrobat (around neck)
 j - a +4 ring of evasion (left hand)
 s - a ring of magical power
 B - a ring of resist corrosion
 E - a +6 ring of dexterity (right hand)
 V - a ring of protection from cold
 Y - a ring of fire
Wands
 C - a wand of iceblast (1)
 L - a wand of flame (42)
 Q - a wand of light (3)
 R - a wand of mindburst (9)
Scrolls
 e - 4 scrolls of poison {unknown}
 i - a scroll of enchant armour
 l - a scroll of teleportation
 m - a scroll of silence
 n - 2 scrolls of amnesia
 t - a scroll of vulnerability
 y - a scroll of immolation
 z - a scroll of fog
 D - 2 scrolls of enchant weapon
 K - 2 scrolls of noise
 X - 3 scrolls of identify
Potions
 f - 3 potions of brilliance
 g - 3 potions of mutation {unknown}
 k - 9 potions of heal wounds {unknown}
 o - 3 potions of curing
 p - 3 potions of cancellation {unknown}
 r - 5 potions of might
 u - 3 potions of magic {unknown}
 x - a potion of ambrosia
 G - 2 potions of degeneration {unknown}
 I - a potion of resistance {unknown}
 O - 5 potions of attraction {unknown}
 P - 2 potions of flight {unknown}


   Skills:
 - Level 8.8 Fighting
 - Level 11.9(12.7) Axes
 * Level 7.3(10.6) Maces & Flails
 - Level 5.7 Armour
 - Level 3.0 Dodging
 - Level 2.0 Stealth
 - Level 4.5 Shields
 - Level 10.0 Invocations


You had 11 spell levels left.
You didn't know any spells.
Your spell library contained the following spells:

 Spells                   Type           Power      Damage    Failure   Level
 Magic Dart               Conj           0%         1d3       83%         1
 Searing Ray              Conj           0%         2d4       92%         2
 Frozen Ramparts          Ice            0%         1d2       99%         3
 Tukima's Dance           Hex            0%         N/A       99%         3
 Anguish                  Hex/Necr       0%         N/A       100%        4
 Fulminant Prism          Conj/Hex       0%         3d6       100%        4
 Ice Form                 Ice/Tmut       0%         N/A       100%        4
 Olgreb's Toxic Radiance  Pois           0%         N/A       100%        4
 Passage of Golubria      Tloc           0%         N/A       100%        4
 Summon Ice Beast         Ice/Summ       0%         N/A       100%        4
 Yara's Violent Unravell  Hex/Tmut       0%         3d3       100%        5
 Enfeeble                 Hex            0%         N/A       100%        7
 Ozocubu's Refrigeration  Ice            0%         4d5       100%        7
 Ignition                 Fire           0%         3d3       100%        8


Dungeon Overview and Level Annotations

Branches:
Dungeon (12/15)            Temple (1/1) D:7            Lair (0/6) D:11
    Orc (0/2) D:11          Sewer (visited)

Altars:
Ashenzari
Cheibriados
Dithmenos
Elyvilon
Fedhas
Gozag
Hepliaklqana
Kikubaaqudgha
Makhleb
Nemelex Xobeh
Okawaru
Qazlal
Ru
Sif Muna
Trog
Uskayaw
Vehumet
Wu Jian
Xom
Yredelemnul
Zin
The Shining One

Portals:
Abyss: D:3
Trove: D:11 (give +7 demon whip)

Annotations:
D:3 2 transporters, zeratav's ghost, amateur SpAM
D:5 1 runed translucent door, Crazy Yiuf
D:9 2 transporters, 2 runed translucent doors
D:11 2 transporters, turdburglar's ghost, journeyman TrTm


Message History

You impale the eight-headed hydra!!
The eight-headed hydra is severely wounded.
The manticore is no longer blind.
A gargoyle comes into view. It is wielding a +0 morningstar.
The manticore bites you but does no damage.
The manticore claws you. x2
The eight-headed hydra completely misses you.
You block the eight-headed hydra's attack.
The eight-headed hydra barely misses you.
The eight-headed hydra misses you.
You block the eight-headed hydra's attack.
The eight-headed hydra bites you! The eight-headed hydra bites you.
The eight-headed hydra bites you!
* * * LOW HITPOINT WARNING * * *
Unknown command.
Press: ? - help, v - describe, . - travel
Here: an eight-headed hydra (severely wounded, blind, haloed)
The floor.
You block the manticore's attack. The manticore completely misses you.
The manticore claws you!
* * * LOW HITPOINT WARNING * * *
Press: ? - help, v - describe, . - travel
Here: an eight-headed hydra (severely wounded, blind, haloed)
The floor, spattered with blood.
Unknown command.
As you read the scroll of fear, it crumbles to dust.
You assume a fearsome visage.
The gargoyle is unaffected.
The manticore looks frightened!
The eight-headed hydra easily resists.
The eight-headed hydra barely misses you.
The eight-headed hydra misses you. x2
You block the eight-headed hydra's attack.
The eight-headed hydra bites you but does no damage. x2
You block the eight-headed hydra's attack.
The eight-headed hydra bites you!
* * * LOW HITPOINT WARNING * * *
It was a potion of might.
You feel very mighty all of a sudden.
The eight-headed hydra barely misses you.
The eight-headed hydra bites you.
You die...

######.. #....'..
#...... #.....#
#..... #H...# #....#
#..9D# #...@# #....##
#.....# #.....# #.
#.....# #. #.....# #.
#....###############.
#....#...............
#....#...............


You could see an eight-headed hydra (blind), a manticore (fleeing) and a
gargoyle.

Vanquished Creatures
  A boulder beetle (D:12)
  2 two-headed ogres
  Urug (D:11)
  Amaemon (D:9)
  A wizard (D:9)
  Pikel (D:7)
  2 cyclopes (D:12)
  A black mamba (shapeshifter) (D:11)
  2 manticores
  An elephant (D:11)
  A gargoyle (D:12)
  An orange demon (D:9)
  An unseen horror (D:12)
  A wraith (D:11)
  A vampire (D:12)
  Sigmund (D:3)
  2 wyverns
  17 yaks
  2 basilisks (D:11)
  9 vampire mosquitoes
  4 steam dragons
  Menkaure (D:7)
  2 acid dragons
  A water moccasin (D:8)
  Duvessa (D:7)
  3 ogres
  2 ice beasts
  4 centaurs
  A lemure (D:7)
  2 kobold brigands
  2 bullfrogs
  A scorpion (D:6)
  Dowan (D:7)
  5 killer bees
  A howler monkey (D:12)
  3 jellies
  7 orc priests
  3 gnoll shamans
  A hound (D:5)
  2 iguanas
  7 orc wizards
  20 gnolls
  8 adders
  2 shadow imps
  A white imp (D:5)
  An ufetubus (D:5)
  2 worms
  7 dart slugs
  35 orcs
  4 bats
  4 endoplasms
  2 giant cockroaches (D:4)
  8 goblins
  9 hobgoblins
  5 jackals
  5 quokkas
  15 ball pythons
  9 frilled lizards
  15 kobolds
  7 rats
262 creatures vanquished.

Vanquished Creatures (collateral kills)
  A two-headed ogre (D:9)
1 creature vanquished.

Vanquished Creatures (others)
  A hydra (D:11)
1 creature vanquished.

Grand Total: 264 creatures vanquished

Notes
Turn   | Place    | Note
-------+----------+-------------------------------------------
     0 | D:1      | blackman the Human Monk began the quest for the Orb.
     0 | D:1      | Reached XP level 1. HP: 18/18 MP: 1/1
   153 | D:1      | Found a faded altar of an unknown god.
   167 | D:1      | Reached XP level 2. HP: 13/24 MP: 2/2
   173 | D:1      | Prayed at the altar of an unknown god.
   173 | D:1      | Became a worshipper of Elyvilon the Healer
   173 | D:1      | Reached * piety under Elyvilon
   173 | D:1      | Reached ** piety under Elyvilon
   638 | D:1      | Reached *** piety under Elyvilon
  1285 | D:1      | Reached skill level 4 in Axes
  1285 | D:1      | Reached XP level 3. HP: 28/29 MP: 3/3
  1937 | D:2      | Reached XP level 4. HP: 32/35 MP: 4/4
  2093 | D:2      | Found a broken altar of Ashenzari.
  2493 | D:2      | Reached **** piety under Elyvilon
  2892 | D:3      | Reached skill level 5 in Axes
  2985 | D:3      | Found a glowing drain.
  2990 | Sewer    | Entered a sewer
  3018 | Sewer    | Noticed Pargi
  3210 | D:3      | Reached XP level 5. HP: 19/41 MP: 5/5
  3537 | D:3      | Found a transporter.
  3537 | D:3      | Noticed an ancient zyme
  3682 | D:3      | Noticed a kobold brigand
  3682 | D:3      | Noticed a small abomination
  3684 | D:3      | Noticed zeratav's ghost (amateur SpAM)
  3685 | D:3      | Found a one-way gate to the infinite horrors of the Abyss.
  3704 | D:3      | Found a transporter.
  3864 | D:3      | Reached ***** piety under Elyvilon
  3874 | D:3      | Noticed Sigmund
  3889 | D:3      | Elyvilon protects you from harm!
  3890 | D:3      | Killed Sigmund
  3891 | D:3      | Reached skill level 6 in Axes
  3891 | D:3      | Reached XP level 6. HP: 6/47 MP: 6/6
  4234 | D:4      | Found an opulent altar of Gozag.
  4373 | D:4      | Reached skill level 7 in Axes
  4937 | D:4      | Noticed an ogre
  4946 | D:4      | Killed an ogre
  4947 | D:4      | Reached XP level 7. HP: 21/52 MP: 7/7
  5259 | D:4      | Reached skill level 8 in Axes
  5699 | D:4      | Found a shimmering blue altar of Sif Muna.
  5883 | D:5      | Entered Level 5 of the Dungeon
  5921 | D:5      | Found a runed translucent door.
  5922 | D:5      | Noticed Crazy Yiuf
  6835 | D:5      | Reached XP level 8. HP: 49/58 MP: 8/8
  6954 | D:5      | Reached skill level 9 in Axes
  7634 | D:5      | Found a hazy altar of Hepliaklqana.
  7778 | D:5      | You fall into a shaft and drop 2 floors!
  7799 | D:7      | Found a sparkling altar of Nemelex Xobeh.
  7817 | D:6      | Reached skill level 10 in Axes
  8700 | D:5      | Reached ****** piety under Elyvilon
  9557 | D:6      | Reached XP level 9. HP: 63/63 MP: 9/9
  9574 | D:6      | Reached skill level 11 in Axes
 10452 | D:7      | Found a staircase to the Ecumenical Temple.
 10462 | Temple   | Entered the Ecumenical Temple
 10555 | Temple   | Fell from the grace of Elyvilon
 10555 | Temple   | Became a worshipper of the Shining One
 10555 | Temple   | Reached * piety under the Shining One
 10555 | Temple   | Reached ** piety under the Shining One
 10555 | Temple   | Reached *** piety under the Shining One
 10625 | D:7      | Noticed Pikel
 11820 | D:7      | Noticed Dowan
 11859 | D:7      | Killed Dowan
 11953 | D:7      | Noticed Duvessa
 12045 | D:7      | Noticed Menkaure
 12051 | D:7      | Killed Menkaure
 12052 | D:7      | Reached skill level 1 in Armour
 12085 | D:7      | Killed Duvessa
 12373 | D:8      | Noticed a two-headed ogre
 12395 | D:7      | Killed Pikel
 12407 | D:7      | Reached skill level 5 in Fighting
 12558 | D:7      | Reached XP level 10. HP: 42/74 MP: 10/10
 13157 | D:7      | Reached skill level 5 in Armour
 13723 | D:8      | Killed a two-headed ogre
 14138 | D:9      | Noticed a boulder beetle
 14140 | D:9      | Found a transporter.
 14143 | D:9      | Found a shadowy altar of Dithmenos.
 14144 | D:9      | Noticed a deep elf pyromancer
 14145 | D:9      | Noticed a manticore
 14147 | D:9      | Found a transporter.
 14834 | D:9      | Noticed Amaemon
 14836 | D:9      | Noticed a wizard
 15300 | D:9      | Noticed a kobold demonologist
 15300 | D:9      | Identified the +5 dagger of Discretion {chaos, rF+}
 15300 | D:9      | Noticed a kobold demonologist
 15300 | D:9      | Reached **** piety under the Shining One
 15303 | D:9      | Noticed a red ugly thing
 15441 | D:9      | Noticed a two-headed ogre
 15457 | D:9      | Killed a two-headed ogre
 15458 | D:9      | Reached skill level 1 in Maces & Flails
 15458 | D:9      | Reached XP level 11. HP: 68/86 MP: 14/14
 15599 | D:9      | Found a large runed translucent door.
 15599 | D:9      | Found a large runed translucent door.
 15647 | D:9      | Killed a wizard
 15648 | D:9      | Reached skill level 5 in Invocations
 16417 | D:9      | Killed Amaemon
 16860 | D:9      | Found a shimmering altar of Xom.
 16899 | D:10     | Entered Level 10 of the Dungeon
 17296 | D:10     | Reached skill level 1 in Shields
 18098 | D:10     | Found an ornate altar of the Wu Jian Council.
 18250 | D:11     | Noticed a six-headed hydra
 18265 | D:11     | Killed a six-headed hydra
 18592 | D:11     | Found a portal to a secret trove of treasure.
 18647 | D:11     | Noticed Urug
 18669 | D:11     | Killed Urug
 18670 | D:11     | Reached XP level 12. HP: 68/94 MP: 14/18
 18942 | D:11     | Noticed a two-headed ogre
 18949 | D:11     | Killed a two-headed ogre
 19016 | D:11     | Found a staircase to the Lair.
 19040 | D:11     | Found a staircase to the Orcish Mines.
 19072 | D:11     | Reached skill level 10 in Invocations
 19140 | D:11     | Found a transporter.
 19144 | D:11     | Noticed a two-headed ogre
 19145 | D:11     | Noticed a two-headed ogre
 19145 | D:11     | Noticed turdburglar's ghost (journeyman TrTm)
 19145 | D:11     | Noticed a tengu warrior
 19147 | D:11     | Noticed a two-headed ogre
 19153 | D:11     | Found a bloodstained altar of Trog.
 19156 | D:11     | Found a transporter.
 19193 | D:11     | Identified the +0 pair of gloves of Patterns {+Inv rPois
                  | Dex+6}
 19473 | D:12     | Noticed a boulder beetle
 19489 | D:12     | Killed a boulder beetle
 19490 | D:12     | Reached skill level 5 in Maces & Flails
 19654 | D:12     | HP: 4/94 [gargoyle/stone arrow (8)]
 21321 | D:12     | Noticed an eight-headed hydra
 21330 | D:12     | HP: 1/94 [eight-headed hydra (10)]
 21331 | D:12     | Slain by an eight-headed hydra

Illustrated notes

Levels and vault maps discovered:
D:1:      wander_arrival_estate, layout_basic, ebering_ecumenical_altar_ruins
D:2:      layout_loops_ring, basic_altar, nicolae_figureground_pulse
D:3:      layout_loops_corners, gammafunk_ghost_abyssal_escape,
          gup_sewer_entry_bowl, uniq_sigmund
D:4:      cheibrodos_quashed, layout_basic, grunt_gozag_statues,
          nicolae_sif_muna_condensation, minmay_misc_feat_room,
          minmay_misc_feat_enclosed
D:5:      wander_river, layout_loops_ring, mainiacjoe_overflow_alcove_1,
          serial_co_window_serial, co_window_corner_a, co_window_paths_a,
          co_window_cross_1, co_window_paths_a, co_window_paths_a,
          co_window_unsneaky_path_d, co_window_corner_cb, co_window_broadway_a,
          co_window_corner_cb, co_window_2corner, co_window_2corner,
          glass_columns_b, uniq_crazy_yiuf_cottage
D:6:      layout_loops_ring
D:7:      layout_basic, lemuel_round_altar, minmay_temple_entry_glass,
          uniq_duvessa, uniq_menkaure, uniq_pikel
D:8:      layout_rooms, enter_bailey_4, roderic_lattice_a
D:9:      due_chaos_kobolds, layout_cave_pods, gammafunk_temple_overflow_arena,
          uniq_amaemon
D:10:     layout_cave_pools, nicolae_wu_jian_glorious_leap
D:11:     layout_cave_pools, david_lair_generic, orc_0_dummy,
          trove_entry_hex_spiral, gammafunk_ghost_wrathful_warriors, uniq_urug
D:12:     layout_gridville, portal_ice_cave_entry_pillars_1
Temple:   lightli_temple_of_artemis

Skill      XL: |  1  2  3  4  5  6  7  8  9 10 11 12 |
---------------+-------------------------------------+-----
Axes           | 4 5 6 7 8 10 11 | 11.9
Armour         | 3 5 |  5.7
Fighting       | 5 8 |  8.8
Invocations    | 4 8 10 | 10.0
Maces & Flails | 1 4 7 |  7.3
Shields        | 4 |  4.5
Dodging        | |  3.0
Stealth        | |  2.0

Action                   |  1- 3 |  4- 6 |  7- 9 | 10-12 || total
-------------------------+-------+-------+-------+-------++-------
Melee: Hand axe          |   101 |    92 |       |       ||   193
       Punch             |     2 |     1 |     6 |     1 ||    10
       Flail             |       |     8 |       |       ||     8
       War axe           |       |    86 |   329 |   292 ||   707
       Whip              |       |       |    41 |    36 ||    77
       Eveningstar       |       |       |       |   105 ||   105
 Fire: Hunting sling     |       |       |    14 |       ||    14
Throw: Javelin           |       |     5 |     8 |       ||    13
       Stone             |       |       |     2 |     5 ||     7
       Dart              |       |       |       |     4 ||     4
       Throwing net      |       |       |       |     1 ||     1
Invok: Divine Shield     |       |       |       |     3 ||     3
       Cleansing Flame   |       |       |       |     2 ||     2
Evoke: Wand              |       |     1 |     2 |    27 ||    30
  Use: Scroll            |       |     1 |     9 |    13 ||    23
       Potion            |       |     1 |     1 |     3 ||     5
 Stab: Sleeping          |     5 |     5 |       |       ||    10
Armor: Robe              |    15 |    22 |       |     1 ||    38
       Chain mail        |       |       |   138 |   118 ||   256
       Scale mail        |       |       |       |    38 ||    38
Dodge: Dodged            |    80 |   178 |   274 |   307 ||   839
Block: Buckler           |       |       |       |   116 ||   116
       Other             |       |       |       |     7 ||     7

Table legend: (Time is in decaauts)
 A = Elapsed time spent in this place.
 B = Non-inter-level travel time spent in this place.
 C = Inter-level travel time spent in this place.
 D = Time resting spent in this place.
 E = Time spent auto-exploring this place.
 F = Levels seen in this place.
 G = Mean time per level.
                   A        B        C        D        E       F      G
               +--------+--------+--------+--------+--------+-----+--------+
         Total |  21417 |  20408 |   1009 |   6707 |  10759 |  14 | 1529.8 |
       Dungeon |  21131 |  20150 |    981 |   6707 |  10592 |  12 | 1760.9 |
        Temple |    113 |     85 |     28 |      0 |     79 |   1 |  113.0 |
         Sewer |    171 |    171 |      0 |      0 |     88 |   1 |  171.0 |
               +--------+--------+--------+--------+--------+-----+--------+

Top non-repeatable levels by time:
     D:6: 2378 daAuts
     D:9: 2253 daAuts
     D:7: 2223 daAuts
     D:4: 2148 daAuts
     D:5: 2025 daAuts
     D:1: 1940 daAuts
    D:11: 1934 daAuts
     D:3: 1524 daAuts
    D:10: 1505 daAuts
     D:8: 1342 daAuts
    D:12: 995 daAuts
     D:2: 859 daAuts
   Sewer: 171 daAuts
  Temple: 113 daAuts
